 Dungeon Crawl Stone Soup version 0.30-a0-134-gb40fab5c76 (webtiles) character file.

Game seed: 13882790670725495376

58 testman the Ducker (level 4, -11/32 HPs)
             Began as a Gnoll Wanderer on Sept 19, 2022.
             Was a Believer of Fedhas.
             Mangled by a gnoll
             ... wielding a +1 halberd of protection
              (14 damage)
             ... on level 3 of the Dungeon.
             The game lasted 00:04:28 (1731 turns).

testman the Ducker (Gnoll Wanderer)                 Turns: 1731, Time: 00:04:28

Health: -11/32     AC:  3    Str: 16    XL:     4   Next: 2%
Magic:  5/5        EV: 13    Int:  8    God:    Fedhas [**....]
Gold:   50         SH:  5    Dex: 12    Spells: 5/5 levels left

rFire   . . .      SeeInvis .    a - +2 mace
rCold   . . .      Faith    .    c - +0 buckler
rNeg    . . .      Spirit   .    e - +0 leather armour
rPois   .          Reflect  .    (no helmet)
rElec   .          Harm     .    (no cloak)
rCorr   .          Rampage  .    (no gloves)
Will    .....                    (no boots)
Stlth   ++........               (no amulet)
HPRegen 0.10/turn                (no ring)
MPRegen 0.09/turn                (no ring)

@: no status effects
A: fangs 1, strong nose, distributed training
a: Renounce Religion, Wall of Briars


You were on level 3 of the Dungeon.
You worshipped Fedhas.
Fedhas was pleased with you.
You visited 1 branch of the dungeon, and saw 3 of its levels.

You collected 50 gold pieces.

Inventory:

Hand Weapons
 a - a +2 mace (weapon)
 j - a +1 dagger of holy wrath
Missiles
 l - 6 poisoned darts (quivered)
Armour
 c - a +0 buckler (worn)
 e - a +0 leather armour (worn)
Wands
 q - a wand of digging (6)
Scrolls
 b - 2 scrolls of fog
 f - a scroll of brand weapon {unknown}
 k - a scroll of teleportation {unknown}
 m - a scroll of identify {unknown}
 o - a scroll of vulnerability {unknown}
 p - a scroll of fear {unknown}
Potions
 d - a potion of attraction
 g - a potion of brilliance {unknown}
 h - 2 potions of mutation {unknown}
 i - a potion of degeneration {unknown}
 n - 3 potions of haste {unknown}
 r - a potion of resistance {unknown}


   Skills:
 + Level 1.0 Fighting
 + Level 1.0 Short Blades
 + Level 1.0 Long Blades
 + Level 1.0 Axes
 + Level 6.6 Maces & Flails
 + Level 1.0 Polearms
 + Level 1.0 Staves
 + Level 1.0 Ranged Weapons
 + Level 1.0 Throwing
 + Level 2.7 Armour
 + Level 6.6 Dodging
 + Level 2.5 Stealth
 + Level 4.6 Shields
 + Level 1.0 Unarmed Combat
 + Level 1.0 Spellcasting
 + Level 0.8 Conjurations
 + Level 0.8 Hexes
 + Level 0.8 Summonings
 + Level 0.8 Necromancy
 + Level 0.8 Translocations
 + Level 0.8 Transmutations
 + Level 0.8 Fire Magic
 + Level 0.8 Ice Magic
 + Level 0.8 Air Magic
 + Level 0.8 Earth Magic
 + Level 0.8 Poison Magic
 + Level 1.1 Invocations
 + Level 1.0 Evocations


You had 5 spell levels left.
You didn't know any spells.
Your spell library contained the following spells:

 Spells                   Type           Power      Damage    Failure   Level
 Slow                     Hex            4%         N/A       41%         1
 Confusing Touch          Hex            1%         N/A       78%         3
 Vampiric Draining        Necr           1%         2d6       78%         3


Dungeon Overview and Level Annotations

Branches:
Dungeon (3/15)

Altars:
Fedhas


Innate Abilities, Weirdness & Mutations

You have very sharp teeth.
Your uncanny sense of smell can sniff out nearby items.
Your experience applies equally to all skills.


Message History

The ball python bites you. The ball python grabs you.
The ball python constricts you.
An endoplasm comes into view.
You sock the ball python!
You kill the ball python!
Fedhas appreciates your contribution to the ecosystem.
You have reached level 4!
You feel agile.
The gnoll hits you from afar with a +1 halberd of protection.
The gnoll hits you with a +1 halberd of protection!
You hit the gnoll but do no damage. The gnoll barely misses you.
You barely miss the gnoll. Your bite misses the gnoll.
The endoplasm freezes you.
You are frozen.
The gnoll hits you with a +1 halberd of protection.
You hit the gnoll but do no damage.
A frilled lizard comes into view.
The endoplasm freezes you.
You are frozen.
You block the gnoll's attack.
You are too injured to fight recklessly!
You are too injured to fight recklessly!
You are too injured to fight recklessly!
Unknown command.
You are too injured to fight recklessly!
You are too injured to fight recklessly!
You are too injured to fight recklessly!
The endoplasm attacks as you move away! You block the endoplasm's attack.
The gnoll closely misses you.
You hit the endoplasm.
The endoplasm is moderately wounded.
The endoplasm freezes you.
You are frozen.
The gnoll misses you.
You hit the endoplasm.
You kill the endoplasm!
Fedhas accepts your kill.
The gnoll hits you from afar with a +1 halberd of protection!
* * * LOW HITPOINT WARNING * * *
The gnoll hits you with a +1 halberd of protection!
You die...
Fedhas appreciates your contribution to the ecosystem.

#.# #.# #.# #.#
#########.###
#...........#
##.#######.#.#
.#.#.#.#.#.###..#.#
.........l.g@...# #
.#.#.#.#†#.###..#
.........#..#
∆#.#.#.#.#.#..#
...........#..#
#.#.#.#.#.#.#..#
.l..........##..#
.#.#.#.#.#.# ...#


You could see a gnoll and a frilled lizard.

Vanquished Creatures
  2 adders (D:2)
  An orc (D:3)
  3 endoplasms
  A giant cockroach (D:1)
  3 hobgoblins (D:1)
  4 jackals (D:2)
  4 ball pythons
  8 bats
  3 frilled lizards (D:1)
  5 goblins
  A kobold (D:1)
  3 rats (D:1)
38 creatures vanquished.

Notes
Turn   | Place    | Note
-------+----------+-------------------------------------------
     0 | D:1      | testman the Gnoll Wanderer began the quest for the Orb.
     0 | D:1      | testman set off with the following items: a +2 mace, a
                  | scroll of fog, a +0 buckler, a potion of attraction, a +0
                  | leather armour.
     0 | D:1      | Reached XP level 1. HP: 13/13 MP: 1/1
   176 | D:1      | Reached XP level 2. HP: 19/19 MP: 2/2
   273 | D:1      | Found a faded altar of an unknown god.
   281 | D:1      | Prayed at the altar of an unknown god.
   281 | D:1      | Became a worshipper of Fedhas Madash
   281 | D:1      | Reached * piety under Fedhas
   631 | D:1      | Reached XP level 3. HP: 24/25 MP: 3/3
  1190 | D:2      | Reached skill level 1 in Invocations
  1251 | D:2      | Reached skill level 1 in Fighting
  1251 | D:2      | Reached skill level 1 in Short Blades
  1251 | D:2      | Reached skill level 1 in Long Blades
  1251 | D:2      | Reached skill level 1 in Axes
  1251 | D:2      | Reached skill level 1 in Polearms
  1251 | D:2      | Reached skill level 1 in Staves
  1251 | D:2      | Reached skill level 1 in Ranged Weapons
  1251 | D:2      | Reached skill level 1 in Throwing
  1251 | D:2      | Reached skill level 1 in Unarmed Combat
  1251 | D:2      | Reached skill level 1 in Spellcasting
  1251 | D:2      | Reached skill level 1 in Evocations
  1280 | D:2      | Reached ** piety under Fedhas
  1718 | D:3      | Reached XP level 4. HP: 31/32 MP: 5/5
  1731 | D:3      | Mangled by a gnoll

Illustrated notes

Levels and vault maps discovered:
D:1:      roderic_chinese_lattice_arrival, layout_basic,
          shapermc_ecumenical_altar_pompeii
D:2:      layout_rooms
D:3:      layout_basic, chequers_decorated_corner, skrybe_limestone_x,
          st_stairs_11

Skill      XL: |  1  2  3 |
---------------+----------+-----
Invocations    | 1 |  1.1
Fighting       | 1 |  1.0
Short Blades   | 1 |  1.0
Long Blades    | 1 |  1.0
Axes           | 1 |  1.0
Polearms       | 1 |  1.0
Staves         | 1 |  1.0
Ranged Weapons | 1 |  1.0
Throwing       | 1 |  1.0
Unarmed Combat | 1 |  1.0
Spellcasting   | 1 |  1.0
Evocations     | 1 |  1.0
Maces & Flails | |  6.6
Armour         | |  2.7
Dodging        | |  6.6
Stealth        | |  2.5
Shields        | |  4.6
Conjurations   | |  0.8
Hexes          | |  0.8
Summonings     | |  0.8
Necromancy     | |  0.8
Translocations | |  0.8
Transmutations | |  0.8
Fire Magic     | |  0.8
Ice Magic      | |  0.8
Air Magic      | |  0.8
Earth Magic    | |  0.8
Poison Magic   | |  0.8

Action                   |  1- 3 |  4- 6 || total
-------------------------+-------+-------++-------
Melee: Mace              |    85 |     5 ||    90
       Bite              |     2 |       ||     2
 Stab: Sleeping          |     3 |       ||     3
Armor: Leather armour    |    22 |       ||    22
Dodge: Dodged            |    68 |     3 ||    71
Block: Buckler           |    19 |     2 ||    21

Table legend: (Time is in decaauts)
 A = Elapsed time spent in this place.
 B = Non-inter-level travel time spent in this place.
 C = Inter-level travel time spent in this place.
 D = Time resting spent in this place.
 E = Time spent auto-exploring this place.
 F = Levels seen in this place.
 G = Mean time per level.
                   A        B        C        D        E       F      G
               +--------+--------+--------+--------+--------+-----+--------+
         Total |   1741 |   1700 |     41 |      0 |   1450 |   3 |  580.3 |
       Dungeon |   1741 |   1700 |     41 |      0 |   1450 |   3 |  580.3 |
               +--------+--------+--------+--------+--------+-----+--------+

Top non-repeatable levels by time:
     D:1: 1129 daAuts
     D:2: 467 daAuts
     D:3: 145 daAuts
